 Dungeon Crawl Stone Soup version 0.28.0-1-gb440e238dd (webtiles) character file.

Game seed: 1763648068732083586

3143 croobank the Firebug (level 9, -6/59 (62) HPs)
             Began as a Black Draconian Fire Elementalist on Feb 19, 2022.
             Was an Initiate of Yredelemnul.
             Mangled by Maggie (11 damage)
             ... on level 7 of the Dungeon.
             The game lasted 00:32:27 (10331 turns).

croobank the Firebug (DrFE)                        Turns: 10331, Time: 00:32:29

HP:   -6/59 (62)    AC:  7    Str: 13    XL:     9   Next: 61%
MP:   3/17          EV: 13    Int: 18    God:    Yredelemnul [......]
Gold: 417           SH:  4    Dex: 11    Spells: 2/19 levels left

rFire   . . .      SeeInvis .   F - +5 falchion (freeze)
rCold   + . .      Faith    .   E - +1 buckler
rNeg    . . .      Spirit   .   (armour unavailable)
rPois   .          Reflect  .   (helmet restricted)
rElec   +          Harm     .   (no cloak)
rCorr   .          Rampage  .   (no gloves)
Will    .....                   (no boots)
Stlth   +++.......              (no amulet)
HPRegen 0.19/turn               C - ring of protection from cold
MPRegen 0.15/turn               q - ring of wizardry

@: short of breath, mesmerised, lightly drained
A: breathe lightning, AC +7, unfitting armour, electricity resistance,
cold-blooded
a: Breathe Lightning, Renounce Religion, Recall Undead Harvest


You were on level 7 of the Dungeon.
You worshipped Yredelemnul.
Yredelemnul was noncommittal.
You visited 2 branches of the dungeon, and saw 8 of its levels.
You also visited: Sewer.

You collected 527 gold pieces.
You spent 110 gold pieces at shops.

Inventory:

Hand Weapons
 a - a +1 dagger of flaming
 l - a +0 halberd
 r - a +2 dagger of venom
 x - a +4 spear
 F - a +5 falchion of freezing (weapon)
 G - a +0 battleaxe
Missiles
 b - 4 atropa-tipped darts
 d - 123 arrows
 e - 161 stones
 g - 4 boomerangs
 j - 19 poisoned darts
 n - 13 bolts
 s - 77 sling bullets
Armour
 E - a +1 buckler (worn)
Magical Staves
 p - a staff of cold
Jewellery
 o - a ring of positive energy
 q - a ring of wizardry (right hand)
 z - an amulet of reflection
 C - a ring of protection from cold (left hand)
Wands
 t - a wand of flame (13)
Scrolls
 f - a scroll of immolation
 i - 3 scrolls of teleportation
 u - a scroll of blinking
Potions
 c - a potion of magic {unknown}
 h - a potion of mutation {unknown}
 k - a potion of ambrosia {unknown}
 m - 3 potions of brilliance
 v - a potion of cancellation {unknown}
 w - a potion of attraction {unknown}
 A - a potion of haste {unknown}
 B - 2 potions of flight {unknown}


   Skills:
 - Level 5.6 Dodging
 - Level 6.1 Stealth
 - Level 5.6 Spellcasting
 - Level 5.9 Conjurations
 + Level 2.0 Summonings
 - Level 6.6 Fire Magic
 - Level 1.2 Ice Magic


You had 2 spell levels left.
You knew the following spells:

 Your Spells              Type           Power      Damage    Failure   Level
a - Foxfire               Conj/Fire      100%       2x1d9     1%          1
b - Scorch                Fire           58%        2d8       1%          2
c - Flame Wave            Conj/Fire      27%        2d7       5%          4
d - Frozen Ramparts       Ice            18%        1d3       12%         3
e - Summon Hydra          Summ           6%         N/A       100%        7

Your spell library contained the following spells:

 Spells                   Type           Power      Damage    Failure   Level
 Sublimation of Blood     Necr           5%         N/A       11%         2
 Wereblood                Tmut           5%         N/A       11%         2
 Conjure Flame            Conj/Fire      27%        6-21      1%          3
 Inner Flame              Hex/Fire       17%        N/A       5%          3
 Summon Ice Beast         Ice/Summ       11%        N/A       32%         4
 Summon Lightning Spire   Summ/Air       8%         N/A       38%         4
 Ice Form                 Ice/Tmut       7%         N/A       45%         4
 Storm Form               Tmut/Air       2%         N/A       100%        7
 Maxwell's Capacitive Co  Air            2%         ∞         100%        8


Dungeon Overview and Level Annotations

Branches:
Dungeon (7/15)             Temple (1/1) D:7           Sewer (visited)

Altars:
Cheibriados
Elyvilon
Fedhas
Kikubaaqudgha
Makhleb
Nemelex Xobeh
Qazlal
Ru
Trog
Uskayaw
Vehumet
Wu Jian
Yredelemnul
The Shining One

Shops:
D:1 *   D:3 [   D:5 =

Annotations:
D:7 Maggie


Innate Abilities, Weirdness & Mutations

You can breathe wild blasts of lightning.
Your glossy black scales are hard. (AC +7)
You cannot fit into any form of body armour.
You are resistant to electric shocks. (rElec)
You are cold-blooded and may be slowed by cold attacks.


Message History

A wave of flame ripples out!
The flame wave engulfs your orc priest zombie!
Your orc priest zombie is moderately damaged.
The flame wave engulfs Maggie.
Maggie is heavily wounded. (Press . to intensify the flame waves.)
You block Maggie's attack. Maggie barely misses you.
Really fire at your orc zombie?
A wave of flame ripples out!
The flame wave engulfs the orc priest zombie.
The orc priest zombie is severely damaged.
The flame wave engulfs Maggie.
Maggie is burned terribly!
Maggie is heavily wounded.
The flame wave engulfs your orc zombie!
You destroy your orc zombie!
The flame wave engulfs the wyvern.
The wyvern is lightly wounded.
Maggie completely misses you.
The orc priest zombie hits you but does no damage.
A wave of flame ripples out!
The flame wave engulfs the orc priest zombie!
You destroy the orc priest zombie!
That felt strangely unrewarding.
The flame wave engulfs the wyvern.
The wyvern is lightly wounded.
The flame wave engulfs Maggie.
Maggie is burned terribly!
Maggie is severely wounded.
You finish channelling waves of flame.
Maggie zaps a wand.
The puff of flame hits you!
* * * LOW HITPOINT WARNING * * *
The wyvern closely misses you. Maggie barely misses you.
The wyvern closely misses you.
Casting: Flame Wave (dangerous; 5% risk of failure)
Confirm with . or Enter, or press ? or * to list all spells.
Flames lash the wyvern.
The wyvern is moderately wounded.
The wyvern's fire resistance burns away.
Maggie mumbles the words to a spell, but in the wrong order.
Maggie hits you with a +1 long sword of draining!
You die...
Your body rises from the dead as a mindless zombie.

.######..## ##....
#.......## ##...
####....## #..#
#..@..## ####
#......## #......)#
#....#..#######
##...##@<.....### #
#...#@.........### #
#....l...........#####
#..................ZZZ
#...$#>..............#
#....###.......#######
#.... ##...#### ......
#..### ...... #..##
.... #..


You could see Maggie (mesmerising, fast, combustible) and a wyvern
(combustible).

Vanquished Creatures
  Grinder (D:5)
  3 yaks (D:6)
  A wyvern (D:4)
  A water moccasin (D:7)
  An ice beast (D:5)
  Duvessa (D:5)
  A necrophage (D:4)
  2 ogres
  A centaur (D:5)
  4 phantoms
  A bullfrog (Sewer)
  5 scorpions
  A wyvern skeleton (D:6)
  Dowan (D:5)
  8 wights
  A centaur zombie (D:6)
  A hound (D:5)
  A bullfrog skeleton (D:5)
  3 orc priests
  A centaur skeleton (D:5)
  Jessica (D:3)
  4 iguanas
  A killer bee zombie (D:7)
  A hound skeleton (D:4)
  4 gnolls
  10 adders
  A white imp (D:7)
  3 worms
  2 dart slugs
  19 orcs
  19 endoplasms
  11 giant cockroaches
  9 goblins
  2 hobgoblins (D:1)
  8 jackals
  12 quokkas
  7 ball pythons
  2 ball python skeletons (D:3)
  A ball python zombie (D:3)
  4 bats (D:1)
  11 frilled lizards
  12 kobolds
  3 orc zombies (D:7)
  3 rats
189 creatures vanquished.

Vanquished Creatures (others)
  338 foxfires
  A withered plant (D:3)
339 creatures vanquished.

Grand Total: 528 creatures vanquished

Notes
Turn   | Place    | Note
-------+----------+-------------------------------------------
     0 | D:1      | croobank the Draconian Fire Elementalist began the quest
                  | for the Orb.
     0 | D:1      | Reached XP level 1. HP: 14/14 MP: 3/3
   344 | D:1      | Reached XP level 2. HP: 20/20 MP: 3/5
   755 | D:1      | Learned a level 2 spell: Scorch
   800 | D:1      | Found Jaxubbiv's General Store.
   810 | D:1      | Bought a scroll of identify for 26 gold pieces
   833 | D:1      | Bought a scroll of fear for 45 gold pieces
   833 | D:1      | Bought a scroll of teleportation for 39 gold pieces
   872 | D:1      | Reached XP level 3. HP: 26/26 MP: 0/6
  1875 | D:2      | HP: 1/26 [gnoll (2)]
  1889 | D:2      | Reached XP level 4. HP: 11/33 MP: 0/7
  2386 | D:2      | You fall into a shaft and drop 1 floor!
  3137 | D:3      | Noticed Jessica
  3220 | D:3      | Found Biumaod's Armour Emporium.
  3239 | D:3      | Killed Jessica
  3240 | D:3      | Reached XP level 5. HP: 37/38 MP: 3/9
  3554 | D:4      | Found a glowing drain.
  3568 | Sewer    | Entered a sewer
  4391 | Sewer    | Reached XP level 6. HP: 35/45 MP: 2/10
  4527 | D:4      | Learned a level 4 spell: Flame Wave
  5089 | D:4      | Your scales start taking on a glossy black colour.
  5089 | D:4      | Reached XP level 7. HP: 50/50 MP: 4/12
  5089 | D:4      | Gained mutation: You are resistant to electric shocks.
                  | (rElec) [Black Draconian growth]
  5833 | D:4      | Noticed a wyvern
  6495 | D:4      | Killed a wyvern
  6496 | D:4      | Reached skill level 5 in Fire Magic
  6822 | D:5      | Entered Level 5 of the Dungeon
  6834 | D:5      | Reached XP level 8. HP: 54/57 MP: 3/14
  7135 | D:5      | Noticed Grinder
  7148 | D:5      | Killed Grinder
  7151 | D:5      | Noticed Duvessa
  7162 | D:5      | Noticed Dowan
  7166 | D:5      | Killed Dowan
  7167 | D:5      | Reached skill level 5 in Stealth
  7170 | D:5      | Killed Duvessa
  7533 | D:5      | Found Qiar's Jewellery Shoppe.
  7682 | D:5      | Reached skill level 5 in Conjurations
  7773 | D:6      | Reached skill level 5 in Spellcasting
  7781 | D:6      | Reached skill level 5 in Dodging
  7788 | D:6      | Reached XP level 9. HP: 20/62 MP: 2/16
  9123 | D:6      | Found a sacrificial altar of Ru.
  9193 | D:6      | Learned a level 3 spell: Frozen Ramparts
  9756 | D:7      | Reached skill level 1 in Ice Magic
  9770 | D:7      | Found a staircase to the Ecumenical Temple.
  9776 | Temple   | Entered the Ecumenical Temple
  9994 | Temple   | Learned a level 7 spell: Summon Hydra
 10023 | Temple   | Became a worshipper of Yredelemnul the Dark
 10061 | D:7      | Reached skill level 1 in Summonings
 10084 | D:7      | Reached * piety under Yredelemnul
 10311 | D:7      | Noticed Maggie
 10331 | D:7      | Mangled by Maggie

Illustrated notes

Levels and vault maps discovered:
D:1:      lemuel_arrival_lava_pool, layout_basic, serial_shops, shop_coins
D:2:      layout_basic
D:3:      layout_loops_ring, serial_shops, shop_fountains, serial_undead,
          serial_undead_f, serial_undead_b, serial_undead_e, serial_undead_e,
          serial_undead_c, serial_undead_e, serial_undead_f, uniq_jessica
D:4:      cheibrodos_barr_body, layout_layer_cave, portal_sewer_entry_d,
          minivault_4, st_stairs_6
D:5:      layout_cave_pools, serial_shops, shop_fountains, uniq_duvessa,
          uniq_grinder
D:6:      wad_pebble_path, layout_basic, nicolae_ru_path_of_blood, minmay_bent
D:7:      layout_cave_pods, minmay_temple_entry_hall, uniq_maggie
Temple:   dshaligram_water_room_temple

Skill      XL: |  1  2  3  4  5  6  7  8  9 |
---------------+----------------------------+-----
Stealth        | 2 3 4 5 6 |  6.1
Dodging        | 2 3 4 5 |  5.6
Conjurations   | 2 3 4 5 |  5.9
Spellcasting   | 3 4 5 |  5.6
Fire Magic     | 4 5 6 |  6.6
Ice Magic      | 1 |  1.2
Summonings     | 2 |  2.0

Action                   |  1- 3 |  4- 6 |  7- 9 || total
-------------------------+-------+-------+-------++-------
Melee: Dagger            |    48 |    44 |    45 ||   137
       Unarmed           |     1 |       |       ||     1
       Tailslap          |     5 |     6 |     6 ||    17
       Punch             |       |     1 |       ||     1
       Falchion          |       |       |    12 ||    12
 Cast: Foxfire           |    49 |    78 |    77 ||   204
       Scorch            |     5 |    30 |    86 ||   121
       Flame Wave        |       |       |     4 ||     4
 Abil: Breathe Lightning |       |       |     7 ||     7
  Use: Scroll            |     5 |     2 |     7 ||    14
       Potion            |     1 |       |     2 ||     3
Armor: Skin              |    22 |    29 |    18 ||    69
Dodge: Dodged            |    54 |    30 |    70 ||   154
Block: Buckler           |       |       |     9 ||     9
